 Dungeon Crawl Stone Soup version 0.13-a0-1660-ga2b9f94 (webtiles) character file.

208 Diracelecht the Unweaver (level 4, -6/34 HPs)
             Began as a Demonspawn Abyssal Knight on June 18, 2013.
             Was a Follower of Lugonu.
             Mangled by an orc
             ... wielding a +0,+2 orcish mace
              (7 damage)
             ... on Level 3 of the Dungeon.
             The game lasted 00:05:01 (1717 turns).

Diracelecht the Unweaver (DsAK)                     Turns: 1717, Time: 00:05:02

HP  -6/34        AC 11     Str 12      XL: 4   Next: 15%
MP   6/6         EV  9     Int 14      God: Lugonu [*.....]
Gold 130         SH  0     Dex 13      Spells:  0 memorised,  3 levels left

Res.Fire  : . . .   See Invis. : .   a - +2 mace
Res.Cold  : . . .   Warding    : .   p - +0 ring mail (curse)
Life Prot.: . . .   Conserve   : .   (no shield)
Res.Poison: .       Res.Corr.  : .   r - +0 helmet
Res.Elec. : .       Clarity    : .   (no cloak)
Sust.Abil.: . .     Spirit.Shd : .   n - +0 pair of gauntlets
Res.Mut.  : .       Stasis     : .   (no boots)
Res.Rott. : .       Flight     : .   (no amulet)
Saprovore : + . .                    (no ring)
                                     (no ring)

@: very slightly contaminated, slightly resistant to hostile enchantments,
extremely unstealthy
A: saprovore 1, AC +4
a: Depart the Abyss, Renounce Religion


You were on level 3 of the Dungeon.
You worshipped Lugonu.
Lugonu was pleased with you.
You were very hungry.

You visited 1 branch of the dungeon, and saw 3 of its levels.
You visited the Abyss 1 time.

You collected 110 gold pieces.

Inventory:

Hand weapons
 a - a +2,+2 mace (weapon)
Missiles
 e - 17 stones (quivered)
Armour
 n - a +0 pair of gauntlets (worn)
 p - a cursed +0 ring mail (worn)
 r - a +0 helmet (worn)
Comestibles
 c - 4 bread rations
 i - 15 strawberries
 u - a meat ration
Scrolls
 f - 2 scrolls of curse weapon {unknown}
 g - a scroll of magic mapping {unknown}
 j - a scroll of fog {unknown}
 o - 2 scrolls of identify {unknown}
 q - a scroll of amnesia {unknown}
 s - 2 scrolls of enchant weapon II {unknown}
Jewellery
 d - an uncursed ring of poison resistance {unknown}
 k - a +2 ring of evasion {unknown}
Potions
 b - a potion of brilliance {unknown}
 h - 2 potions of speed
 l - a potion of curing {unknown}
 m - 2 potions of heal wounds {unknown}
 t - a potion of restore abilities {unknown}


   Skills:
 - Level 3.0 Fighting
 + Level 3.4 Maces & Flails
 - Level 1.7 Armour
 - Level 0.8 Dodging
 + Level 3.8 Invocations


You had 3 spell levels left.
You didn't know any spells.

Dungeon Overview and Level Annotations

Branches:
Dungeon (3/27)

Altars:

Annotations
D:3 Grinder


Innate Abilities, Weirdness & Mutations

You are partially covered in iridescent scales (AC +4).
You can tolerate rotten meat.


Message History

Lugonu accepts your kill.
Your extra speed is starting to run out.
u - a meat ration An orc comes into view.
It is wielding an orcish mace.
You hit the orc.
The orc is lightly wounded.
The orc hits you but does no damage.
You hit the orc but do no damage.
The orc is lightly wounded.
You feel yourself slow down.
You barely miss the orc.
The orc is lightly wounded.
The orc hits you with an orcish mace.
* * * LOW HITPOINT WARNING * * *
You hit the orc but do no damage.
The orc is lightly wounded.
The orc hits you with an orcish mace.
* * * LOW HITPOINT WARNING * * *
The orc hits you with an orcish mace!
You die...

#.#.........#
#.#.........######
..#.>..............
............######
###.........#
#.........#
#.........#
#.........#
##@######## #o# #.#
#.# #.# #.# #.# #..
###


You could see an orc.

Vanquished Creatures
  4 gnolls
  An adder (D:2)
  A giant mite (D:1)
  2 giant geckos (D:1)
  4 goblins
  5 bats
  4 giant newts
  3 kobolds
  4 rats
28 creatures vanquished.

Notes
Turn   | Place    | Note
--------------------------------------------------------------
     0 | Abyss:1  | Diracelecht, the Demonspawn Abyssal Knight, began the quest for the Orb.
     0 | Abyss:1  | Reached XP level 1. HP: 16/16 MP: 1/1
    47 | Abyss:1  | Noticed a neqoxec
    50 | D:1      | Escaped the Abyss
   199 | D:1      | Gained mutation: You are partially covered in iridescent scales (AC +4). [demonic ancestry]
   199 | D:1      | Reached XP level 2. HP: 11/22 MP: 2/2
   374 | D:1      | Acquired Lugonu's first power
  1135 | D:2      | Reached XP level 3. HP: 25/28 MP: 2/4
  1410 | D:2      | Gained mutation: You can tolerate rotten meat. [demonic ancestry]
  1410 | D:2      | Reached XP level 4. HP: 20/34 MP: 6/6
  1634 | D:3      | Noticed Grinder
  1639 | D:3      | Paralysed by Grinder for 3 turns
  1647 | D:3      | Paralysed by Grinder for 3 turns
  1717 | D:3      | HP: 1/34 [orc/orcish mace (6)]
  1717 | D:3      | Mangled by an orc

Action                   |  1- 3 |  4- 6 || total
-------------------------+-------+-------++-------
Melee: Mace              |    75 |    13 ||    88
Throw: Stone             |    23 |       ||    23
Invok: Depart the Abyss  |     1 |       ||     1
  Use: Potion            |       |     1 ||     1
